 Dungeon Crawl Stone Soup version 0.28-a0-664-gc179e30c89 (webtiles) character file.

Game seed: 3348652825560388127

471 Drevant2 the Slasher (level 6, -3/51 HPs)
             Began as a Draconian Abyssal Knight on Oct 14, 2021.
             Was a Believer of Lugonu.
             Succumbed to a kobold brigand's poison
             ... on level 5 of the Dungeon.
             The game lasted 00:13:13 (5305 turns).

Drevant2 the Slasher (Draconian Abyssal Knight)     Turns: 5305, Time: 00:13:14

Health: -3/51      AC:  6    Str: 15    XL:     6   Next: 83%
Magic:  3/7        EV: 12    Int: 11    God:    Lugonu [**....]
Gold:   129        SH:  0    Dex: 13    Spells: 2/5 levels left

rFire   . . .      SeeInvis .   a - +1 falchion
rCold   . . .      Faith    .   (no shield)
rNeg    . . .      Spirit   +   (armour unavailable)
rPois   .          Reflect  .   (helmet restricted)
rElec   .          Harm     .   (no cloak)
rCorr   .          Rampage  .   (no gloves)
Will    .....                   (no boots)
Stlth   +.........              l - amulet of guardian spirit
HPRegen 0.17/turn               (no ring)
MPRegen 0.10/turn               (no ring)

@: lethally poisoned (-3 -> -21)
A: AC +6, unfitting armour, cold-blooded
a: Renounce Religion, Depart the Abyss, Bend Space


You were on level 5 of the Dungeon.
You worshipped Lugonu.
Lugonu was pleased with you.
You visited 1 branch of the dungeon, and saw 5 of its levels.
You visited the Abyss 1 time.

You collected 129 gold pieces.

Inventory:

Hand Weapons
 a - a +1 falchion (weapon)
 b - a +0 short sword
 o - the +6 arbalest "Damnation" {damnation}
   (You found it on level 4 of the Dungeon)

   Any ammunition fired from it explodes in a burst of damnation on striking a
   foe, dealing damage which bypasses armour.
Missiles
 q - 4 bolts
Jewellery
 l - an amulet of guardian spirit (around neck)
 m - a ring of ice
 s - a ring of wizardry
Wands
 c - a wand of flame (19)
Scrolls
 d - a scroll of identify
 e - a scroll of enchant armour
 g - a scroll of magic mapping
 h - a scroll of fear {unknown}
 j - a scroll of acquirement {unknown}
 k - a scroll of immolation
 n - a scroll of amnesia {unknown}
 p - a scroll of noise {unknown}
Potions
 i - a potion of flight
 r - a potion of brilliance


   Skills:
 - Level 3.2 Fighting
 * Level 6.0 Long Blades
 * Level 2.0 Crossbows
 - Level 3.0 Dodging
 - Level 2.2 Air Magic
 - Level 2.0 Invocations


You had 2 spell levels left.
You knew the following spells:

 Your Spells              Type           Power      Damage    Failure   Level
a - Swiftness             Air            4%         N/A       38%         3

Your spell library contained the following spells:

 Spells                   Type           Power      Damage    Failure   Level
 Shock                    Conj/Air       8%         1d3       22%         1
 Slow                     Hex            0%         N/A       47%         2
 Mephitic Cloud           Conj/Pois/Air  1%         N/A       61%         3
 Confusing Touch          Hex            0%         N/A       71%         3
 Ignite Poison            Fire/Tmut/Pois 0%         N/A       71%         3
 Vampiric Draining        Necr           0%         2d6       71%         3
 Airstrike                Air            2%         N/A       80%         4
 Olgreb's Toxic Radiance  Pois           0%         N/A       98%         4
 Freezing Cloud           Conj/Ice/Air   0%         6-21      100%        5
 Ozocubu's Refrigeration  Ice            0%         4d5       100%        7
 Ignition                 Fire           0%         3d3       100%        8


Dungeon Overview and Level Annotations

Branches:
Dungeon (5/15)
 Temple: D:4-7

Altars:
Kikubaaqudgha
Makhleb
Qazlal

Shops:
D:2 [

Annotations:
D:4 2 transporters


Innate Abilities, Weirdness & Mutations

Your plain brown scales are hard. (AC +6)
You cannot fit into any form of body armour.
You are cold-blooded and may be slowed by cold attacks.


Message History

As you read the scroll labelled JEEMIVV XEUBU, it crumbles to dust.
You feel aware of your surroundings.
It was a scroll of magic mapping.
* * * LOW HITPOINT WARNING * * *
You feel sick.
Okay, then.
Unknown command.
As you read the scroll labelled NOAFAEGG TAPRI, it crumbles to dust.
The creatures around you are filled with an inner flame!
It was a scroll of immolation.
* * * LOW HITPOINT WARNING * * *
You feel sick. The kobold brigand barely misses you.
The kobold hits you but does no damage.
You feel sick.
The kobold brigand hits you but does no damage.
You feel sick. The kobold brigand closely misses you.
You feel sick. The kobold hits you with a +0 whip.
* * * LOW HITPOINT WARNING * * *
The kobold brigand hits you but does no damage.
* * * LOW HITPOINT WARNING * * *
You feel sick. The kobold hits you but does no damage.
* * * LOW HITPOINT WARNING * * *
You feel sick.
* * * LOW HITPOINT WARNING * * *
You feel sick.
You are no longer poisoned.
Unknown command.
Unknown command.
The kobold brigand throws a poisoned dart.
The poisoned dart closely misses you.
The kobold brigand throws a poisoned dart.
The poisoned dart hits you!
You are lethally poisoned!
An adder comes into view.
Okay, then.
* * * LOW HITPOINT WARNING * * *
You feel sick.
The kobold brigand throws a poisoned dart.
The poisoned dart hits you!
You are more poisoned.
You die...

****** ,,,,,* ,,,,,*******
,,,,,,**,,,* ,,,,,,**,,,**
##########
,,,,,>,,,.,.########K.......#
*******,,.............K.....#
****,>,..#..####..........#
**,,,,*,.......@..##########
*,,**#,,.S...######
**,,,,K,,..#..$.##******
*,,,**#.*****....,,,,,,*
,,,** #.####*#...,,,,,,* ,*,*
#.#..,,,..#,,,,,,*
**.####...#***#.#,,,,,,*
*,.......<# #<#*******
*,.#....s.# #.#*


You could see a kobold brigand (inner flame), an adder (wandering) and a kobold
(inner flame).

Vanquished Creatures
  A water moccasin skeleton (D:4)
  3 orc priests
  2 hounds (D:4)
  A bullfrog skeleton (D:4)
  An iguana (D:5)
  9 adders
  3 gnolls (D:3)
  An ufetubus (D:5)
  A worm (D:3)
  2 adder skeletons (D:4)
  2 dart slugs
  14 orcs
  5 endoplasms
  7 hobgoblins
  6 jackals
  9 kobolds
  3 quokkas
  10 ball pythons
  4 frilled lizards
  6 goblins
  7 rats
97 creatures vanquished.

Notes
Turn   | Place    | Note
-------+----------+-------------------------------------------
     0 | Abyss:1  | Drevant2 the Draconian Abyssal Knight began the quest for
                  | the Orb.
     0 | Abyss:1  | Reached XP level 1. HP: 19/19 MP: 2/2
    47 | D:1      | Escaped the Abyss
   209 | D:1      | Reached * piety under Lugonu
   449 | D:1      | Reached XP level 2. HP: 26/26 MP: 3/3
   606 | D:1      | Found a faded altar of an unknown god.
   902 | D:2      | Reached skill level 3 in Long Blades
   914 | D:2      | Reached XP level 3. HP: 23/31 MP: 4/4
  1399 | D:2      | Found Odadd's Armour Emporium.
  1622 | D:2      | Reached XP level 4. HP: 37/38 MP: 5/5
  1987 | D:2      | Learned a level 3 spell: Swiftness
  2080 | D:3      | Reached skill level 4 in Long Blades
  2209 | D:3      | Reached skill level 1 in Air Magic
  2277 | D:2      | Reached XP level 5. HP: 17/45 MP: 6/6
  2477 | D:3      | Reached ** piety under Lugonu
  3109 | D:3      | Reached skill level 5 in Long Blades
  3487 | D:3      | Found a burning altar of Makhleb.
  3488 | D:3      | Found an ancient bone altar of Kikubaaqudgha.
  3898 | D:4      | Found the +6 arbalest "Damnation" {damnation}
  3922 | D:4      | Reached XP level 6. HP: 50/51 MP: 7/7
  4137 | D:4      | Reached skill level 1 in Crossbows
  4259 | D:4      | Found a transporter.
  4271 | D:4      | Found a stormy altar of Qazlal.
  4275 | D:4      | Found a transporter.
  4677 | D:4      | Noticed a water elemental
  4679 | D:4      | Noticed a fire elemental
  4679 | D:4      | Noticed an air elemental
  4834 | D:5      | Entered Level 5 of the Dungeon
  5054 | D:5      | Reached skill level 6 in Long Blades
  5296 | D:5      | HP: 2/51 [poisoned by a kobold brigand]
  5304 | D:5      | HP: 1/51 [poisoned by a kobold brigand]
  5305 | D:5      | Succumbed to a kobold brigand's poison

Illustrated notes

Levels and vault maps discovered:
D:1:      lemuel_arrival_cross, layout_loops_cross,
          dilly_ecumenical_altar_fadedgnrine
D:2:      layout_basic, serial_shops, nicolae_square_shop,
          chequers_serial_rivers_micro_a, st_stairs_6, kennysheep_pointless_box,
          chequers_serial_rivers_room_a
D:3:      layout_loops_cross, mainiacjoe_overflow_divided_tiny,
          minmay_goblin_outpost
D:4:      gammafunk_steamed_eel, layout_loops_cross,
          nicolae_qazlal_style_of_elements, grunt_ministairs_13
D:5:      layout_rooms, corexii_checkpoint_a

Skill      XL: |  1  2  3  4  5  6 |
---------------+-------------------+-----
Long Blades    | 3 4 5 6 |  6.0
Dodging        | 3 |  3.0
Air Magic      | 1 2 |  2.2
Crossbows      | 2 |  2.0
Fighting       | |  3.2
Invocations    | |  2.0

Action                   |  1- 3 |  4- 6 || total
-------------------------+-------+-------++-------
Melee: Falchion          |    87 |   233 ||   320
       Tailslap          |     6 |    25 ||    31
Invok: Depart the Abyss  |     1 |       ||     1
  Use: Potion            |     2 |     1 ||     3
       Scroll            |       |     9 ||     9
 Stab: Sleeping          |       |     2 ||     2
Armor: Skin              |    31 |    70 ||   101
Dodge: Dodged            |    43 |   143 ||   186

Table legend: (Time is in decaauts)
 A = Elapsed time spent in this place.
 B = Non-inter-level travel time spent in this place.
 C = Inter-level travel time spent in this place.
 D = Time resting spent in this place.
 E = Time spent auto-exploring this place.
 F = Levels seen in this place.
 G = Mean time per level.
                   A        B        C        D        E       F      G
               +--------+--------+--------+--------+--------+-----+--------+
         Total |   5322 |   4828 |    494 |   1432 |   2404 |   8 |  665.2 |
       Dungeon |   5276 |   4782 |    494 |   1432 |   2404 |   5 | 1055.2 |
         Abyss |     46 |     46 |      0 |      0 |      0 |   3 |   15.3 |
               +--------+--------+--------+--------+--------+-----+--------+

Top non-repeatable levels by time:
     D:2: 1651 daAuts
     D:3: 1531 daAuts
     D:4: 1089 daAuts
     D:1: 663 daAuts
     D:5: 339 daAuts
 Abyss:3: 25 daAuts
 Abyss:2: 15 daAuts
 Abyss:1: 5 daAuts
